 Dungeon Crawl Stone Soup version 0.31-a0-818-ge7c7cf74f0 (webtiles) character file.

Game seed: 1490361284209871980

9298 scionoferis the Grappler (level 11, -7/99 HPs)
             Began as a Hill Orc Monk on Sept 22, 2023.
             Was an Elder of Beogh.
             Mangled by a very large slime creature (48 damage)
             ... on level 11 of the Dungeon.
             The game lasted 00:45:27 (13471 turns).

scionoferis the Grappler (Hill Orc Monk)           Turns: 13471, Time: 00:45:28

Health: -7/99      AC: 18    Str: 22    XL:     11   Next: 44%
Magic:  28/28      EV: 10    Int: 10    God:    Beogh [****..]
Gold:   180        SH:  0    Dex: 19    Spells: 10/10 levels left

rFire   . .          .
                       - Unarmed
rCold   . . .        c - orb {light}
rNeg    . . .        N - +1 chain mail {rPois}
rPois   +            y - +0 helmet
rElec   .            E - +0 cloak
rCorr   .            M - +1 pair of gloves {Str+3}
SInv    .            j - +1 pair of boots
Will    .....        (no amulet) Stlth
                     d - ring of magical power
HPRegen 0.36/turn    D - +6 ring of dexterity
MPRegen 0.21/turn

%: no passive effects
@: glowing
A: no striking features
a: Renounce Religion, Smiting, Recall Orcish Followers


You were on level 11 of the Dungeon.
You worshipped Beogh.
Beogh was greatly pleased with you.
You visited 1 branch of the dungeon, and saw 11 of its levels.
You also visited: Sewer and Ossuary.

You collected 761 gold pieces.
You spent 581 gold pieces at shops.


   Skills:
 - Level 10.0 Fighting
 + Level 6.2 Armour
 + Level 3.7 Dodging
 * Level 3.2 Shields
 + Level 11.8 Unarmed Combat
 + Level 11.2 Invocations
 + Level 3.0 Evocations


You had 10 spell levels left.
You didn't know any spells.
Your spell library contained the following spells:

 Spells                   Type           Power      Damage    Failure   Level
 Freeze                   Ice            0%         1d3       91%         1
 Magic Dart               Conj           0%         1d3       91%         1
 Summon Small Mammal      Summ           0%         N/A       91%         1
 Call Imp                 Summ           0%         N/A       97%         2
 Call Canine Familiar     Summ           0%         N/A       100%        3
 Frozen Ramparts          Ice            0%         1d1       100%        3
 Hailstorm                Conj/Ice       0%         3d3       100%        3
 Mephitic Cloud           Conj/Pois/Air  0%         N/A       100%        3
 Summon Guardian Golem    Hex/Summ       0%         N/A       100%        3

Inventory:

Hand Weapons
 C - a +2 shortbow of freezing
   (You took it off a centaur on level 6 of the Dungeon)
 G - a +4 halberd
   (You took it off a wight on level 8 of the Dungeon)
Missiles
 m - 15 poisoned darts (quivered)
 J - 2 boomerangs
 O - 5 curare-tipped darts
Armour
 b - a +0 kite shield of protection
   (You bought it in a shop on level 10 of the Dungeon)
 c - an orb of light (worn)
 h - a +0 leather armour of cold resistance
   (You found it on level 1 of the Dungeon)
 j - a +1 pair of boots (worn)
   (You found it on level 4 of the Dungeon)
 y - a +0 helmet (worn)
   (You took it off Robin on level 4 of the Dungeon)
 E - a +0 cloak (worn)
   (You found it on level 7 of the Dungeon)
 H - a +0 robe of willpower
   (You found it on level 8 of the Dungeon)
 M - a +1 pair of gloves of strength (worn)
   (You bought it in a shop on level 10 of the Dungeon)
 N - a +1 chain mail of poison resistance (worn)
   (You bought it in a shop on level 10 of the Dungeon)
Jewellery
 d - a ring of magical power (left hand)
   (You found it on level 1 of the Dungeon)
 D - a +6 ring of dexterity (right hand)
   (You found it on level 6 of the Dungeon)
Wands
 r - a wand of flame (14)
   (You found it on level 10 of the Dungeon)
 u - a wand of iceblast (4)
   (You found it in an ossuary)
 F - a wand of acid (11)
   (You found it on level 8 of the Dungeon)
Scrolls
 f - a scroll of revelation
 n - a scroll of vulnerability
 o - a scroll of enchant weapon
 q - a scroll of blinking
 w - 3 scrolls of teleportation
 z - 2 scrolls of silence
 I - 3 scrolls of brand weapon
 L - a scroll of poison {unknown}
Potions
 a - 4 potions of enlightenment
 e - 2 potions of degeneration {unknown}
 g - 2 potions of berserk rage {unknown}
 i - 3 potions of resistance
 k - 2 potions of attraction {unknown}
 l - 3 potions of mutation
 s - 4 potions of haste {unknown}
 x - a potion of magic {unknown}
 A - 3 potions of curing {unknown}
 B - 3 potions of heal wounds {unknown}

Dungeon Overview and Level Annotations

Branches:
Dungeon (11/15)            Temple (0/1) D:6            Lair (0/5) D:10
    Orc (0/2) D:10          Sewer (visited)         Ossuary (visited)

Altars:
Ashenzari
Fedhas
Hepliaklqana
Kikubaaqudgha
Makhleb
Sif Muna
Trog

Shops:
D:2 (   D:5 (   D:10 [

Annotations:
D:9 fly to explore

..o...# ####..#.#.#...####
..o...########.......#.#..)..####
.o...................#....##.)..o
o.....#######.....o..)..#########
..............o.oooo>............
......####.#.#o####oo..####......
......'........oo##.o..# ##.#.#o
......####.#.#.#o##....#####....o
...............#@##...o..o.#.#.#o
.#########...#.#J##....###.#....o
.# #.#.#.#.##....'.#.####.# .#
#.#.#.#.##....#.#.# #... .# #
.......##+#.#.#.# #... .# .....
#.#...#.# #... ...##.#.###.# #...
....#........# #...
####.#######...


You could see a very large slime creature (ally target), the friendly Ogrik the
orc knight, 2 friendly orc warriors, a friendly orc priest and a friendly orc
(strong).


Message History

Things that are here:
a +0 dagger; a +0 robe; an orc corpse You swap places.
You swap places.
You swap places.
You swap places.
You swap places.
A centaur comes into view.
Found a ring mail.
The centaur shouts!
The centaur wields a +0 orcbow.
The centaur shoots an arrow.
The arrow hits you.
Found a scroll labelled NEOFEHEOSO.
The centaur shoots an arrow.
The arrow hits you.
The centaur shoots an arrow.
The arrow hits you.
Orkrul roars a battlecry!
Your orcs go into a battle-frenzy!
The centaur shoots an arrow.
The arrow hits you.
Orkrul roars a battlecry!
The centaur shoots an arrow.
The arrow closely misses you. The arrow misses your orc.
The arrow hits Orkrul!
The centaur shoots an arrow.
The arrow hits you!
The centaur shoots an arrow.
The arrow hits you.
The centaur unwields a +0 orcbow.
The centaur hits you but does no damage.
The centaur kicks you.
You hit the centaur but do no damage.
The centaur hits you but does no damage.
The centaur kicks you but does no damage.
You punch the centaur!
The centaur is severely wounded.
The centaur hits you. The centaur closely misses you.
Your orc closely misses the centaur.
You punch the centaur!
You kill the centaur!
Beogh accepts your kill.
Your Shields skill increases to level 1!
Things that are here:
a +0 orcbow; a centaur corpse You swap places.
You swap places.
You start resting.
Your orc no longer looks unusually strong.
Your orc warrior no longer looks unusually strong. x2
Ogrik no longer looks unusually strong.
Your orc no longer looks unusually strong.
HP restored.
You swap places.
n - a scroll labelled NEOFEHEOSO Unknown command.
You swap places.
Found a potion of brilliance.
Found 12 gold pieces.
Found 4 stones.
Found a ring mail.
Found a helmet.
You now have 88 gold pieces (gained 12).
You see here a +0 ring mail.
Found a stone staircase leading up.
You see here a +0 helmet.
You swap places.
You swap places.
You swap places.
Unknown command.
Search for what [Enter for "d:", or ? for help]? amulet Can't find anything matching that.
Unknown command.
Found a stone staircase leading down.
Unknown command.
There is a stone staircase leading up here.
t - 7 potions of brilliance (gained 1)
You swap places.
You swap places.
You swap places.
You swap places.
You swap places.
Your orcs go into a battle-frenzy!
Ogrik goes into a battle-frenzy!
Beogh accepts your kill.
You feel a bit more experienced.
You swap places.
Your orc no longer looks unusually strong.
You swap places.
Ogrik no longer looks unusually strong.
You swap places.
You swap places.
Orkrul no longer looks unusually strong.
You swap places.
Your orc no longer looks unusually strong.
Your orc warrior no longer looks unusually strong.
Your orc priest no longer looks unusually strong.
Your orc warrior no longer looks unusually strong.
You see here a +0 ring mail.
Found a leather armour.
You now have 103 gold pieces (gained 15).
You see here a +0 leather armour.
You swap places.
You swap places.
You swap places.
Found 5 curare-tipped darts.
Found 6 stones.
A wraith comes into view.
You see here 5 curare-tipped darts.
O - 5 curare-tipped darts Ogrik roars a battlecry!
Your orcs go into a battle-frenzy!
You hit the wraith but do no damage.
Ogrik roars a battlecry!
Your orc warrior hits the wraith with a +0 mace!
The wraith barely misses you.
You punch the wraith!
The wraith is almost destroyed.
You barely miss the wraith.
The wraith is almost destroyed.
Your orc warrior hits the wraith with a +0 mace!
The wraith is destroyed!
Beogh accepts your kill.
Your orc warrior looks more experienced.
Orkrul no longer looks unusually strong.
Your orc warrior no longer looks unusually strong.
Your orc no longer looks unusually strong.
Your orc no longer looks unusually strong.
Your orc warrior no longer looks unusually strong.
Your orc no longer looks unusually strong.
You swap places.
You swap places.
Found a stone staircase leading down.
You now have 111 gold pieces (gained 8).
You swap places.
You swap places.
You swap places.
Found a blade talisman.
Found 18 gold pieces.
Found a staircase to the Lair.
You see here a blade talisman.
P - a blade talisman Unknown command.
You hit the plant.
The plant begins to die.
The plant is lightly damaged.
Your orc hits the plant with a +0 flail.
The plant begins to die.
You punch the plant!
The plant is lightly damaged.
Your orc hits the plant with a +0 flail!
Your orc warrior hits the plant with a +0 mace.
You punch the plant!
The plant is lightly damaged.
Unknown command.
You hit the plant.
The plant begins to die.
The plant is lightly damaged.
You punch the plant!
The plant is lightly damaged.
Your orc hits the plant with a +0 flail.
Orkrul roars a battlecry!
Your orcs go into a battle-frenzy!
You hit the plant.
The plant is lightly damaged.
A nearby plant withers and dies.
Your orc hits the plant with a +0 flail!
Your orc warrior hits the plant with a +0 mace!!
You hit the plant but do no damage.
The plant is lightly damaged.
A nearby plant withers and dies.
A nearby plant withers and dies.
You punch the plant!
The plant begins to die.
The plant is lightly damaged.
You hit the plant.
The plant is lightly damaged.
Your orc warrior hits the plant with a +0 whip!
The plant begins to die.
Ogrik roars a battlecry!
Orkrul goes into a battle-frenzy!
You pummel the plant!!
The plant begins to die.
The plant is lightly damaged.
Your orc hits the plant with a +0 war axe!
Your orc warrior hits the plant with a +0 whip!!
Your orc warrior hits the plant with a +0 mace.
Your orc hits the plant with a +0 war axe.
There is a staircase to the Lair here.
You punch the plant!
The plant begins to die.
The plant is lightly damaged.
A nearby plant withers and dies.
Orkrul hits the plant with a +1 dagger!
Your orc hits the plant with a +0 war axe!
You hit the plant.
The plant begins to die.
The plant is lightly damaged.
Your orc warrior hits the plant with a +0 mace!!
The plant begins to die.
Orkrul hits the plant with a +1 dagger!!
Your orc hits the plant with a +0 war axe!
You punch the plant!
The plant is lightly damaged.
A nearby plant withers and dies. x2
Your orc hits the plant with a +0 short sword.
The plant begins to die.
You hit the plant.
The plant is lightly damaged.
Your orc warrior hits the plant with a +0 whip!
You hit the plant.
The plant is lightly damaged.
A nearby plant withers and dies.
Orkrul hits the plant with a +1 dagger!!
Ogrik hits the plant!!
The plant begins to die.
You hit the plant.
The plant is lightly damaged.
Your orc warrior hits the plant with a +0 mace!
Orkrul hits the plant with a +1 dagger!!
Ogrik hits the plant!
You punch the plant!
The plant is lightly damaged.
A nearby plant withers and dies.
Your orc no longer looks unusually strong.
Your orc warrior hits the plant with a +0 mace!
Orkrul hits the plant with a +1 dagger.
Your orc hits the plant with a +0 short sword.
You pummel the plant!!
The plant is heavily damaged.
A nearby plant withers and dies.
You swap places.
A nearby plant withers and dies. x2
Your orc warrior no longer looks unusually strong.
Your orc warrior no longer looks unusually strong.
You swap places.
Your orc priest no longer looks unusually strong.
You pummel the plant!!
The plant begins to die.
The plant is lightly damaged.
Your orc warrior hits the plant with a +0 whip!
You pummel the plant!!
The plant is moderately damaged.
Your orc warrior hits the plant with a +0 mace!
Your orc warrior hits the plant with a +0 whip!
You hit the plant.
The plant is moderately damaged.
Your orc no longer looks unusually strong.
Your orc warrior hits the plant with a +0 mace!
Your orc warrior hits the plant with a +0 whip.
Ogrik roars a battlecry!
Your orcs go into a battle-frenzy!
You swap places.
Ogrik no longer looks unusually strong.
Your orc warrior hits the plant with a +0 mace!!
Orkrul roars a battlecry!
Ogrik goes into a battle-frenzy!
Your orc warrior hits the plant with a +0 whip!
Ogrik hits the plant!!
You swap places.
Your orc no longer looks unusually strong.
Your orc warrior hits the plant with a +0 mace!
Orkrul hits the plant with a +1 dagger!
Your orc hits the plant with a +0 war axe.
Your orc warrior hits the plant with a +0 whip!
Ogrik hits the plant!
There is a staircase to the Lair here.
A nearby plant withers and dies.
You swap places.
There is a staircase to the Lair here.
You swap places.
You drop a scroll of immolation.
Orkrul no longer looks unusually strong.
You drop 2 scrolls of enchant armour.
You drop 7 potions of brilliance.
You drop a scroll of amnesia.
You drop a scarf of invisibility.
You drop a blade talisman.
You swap places.
Your orc no longer looks unusually strong.
Your orc warrior no longer looks unusually strong.
You now have 129 gold pieces (gained 18).
Your orc warrior no longer looks unusually strong.
There is a stone staircase leading up here.
You swap places.
Found an escape hatch in the ceiling.
You swap places.
You swap places.
You swap places.
You see here a +0 ring mail.
You swap places.
You swap places.
Done exploring.
You swap places.
You swap places.
You swap places.
There is a stone staircase leading down here.
There is a stone staircase leading up here.
You climb upwards.
Level annotation: fly to explore
There is a stone staircase leading down here.
Okay, then.
You climb downwards.
There is a stone staircase leading up here.
You swap places.
There is a stone staircase leading down here.
What are your orders? t - Shout!
Orders for allies: a - Attack new target. r - Retreat! s - Stop attacking. g - Guard the area. f - Follow me.
Anything else - Cancel.
Guard this area!
You climb downwards.
The centaur shouts! x3
Found a rapier.
There is a stone staircase leading up here.
The centaur wields a +0 orcbow.
The centaur shoots an arrow.
The arrow hits you.
You hear a shout!
A centaur comes into view.
The centaur unwields a +0 orcbow.
The centaur hits you but does no damage.
The centaur kicks you but does no damage.
Okay, then.
You hit the centaur.
The centaur is lightly wounded.
The centaur barely misses you.
The centaur kicks you but does no damage.
You punch the centaur!
The centaur is heavily wounded.
The centaur hits you but does no damage.
The centaur barely misses you.
Okay, then.
You pummel the centaur!!
The centaur is almost dead.
You hit the centaur.
You kill the centaur!
Beogh accepts your kill.
Your Invocations skill increases to level 11!
You punch the centaur!
You kill the centaur!
Beogh accepts your kill.
The centaur wields a +0 orcbow.
The centaur shoots an arrow.
The arrow barely misses you.
The centaur shoots an arrow.
The arrow closely misses you.
The centaur shoots an arrow.
The arrow barely misses you.
Things that are here:
a +0 orcbow; a +4 orcbow; a centaur corpse The centaur unwields a +0 orcbow.
The centaur hits you but does no damage.
The centaur closely misses you.
You punch the centaur!
The centaur is moderately wounded.
The centaur barely misses you.
The centaur kicks you but does no damage.
You punch the centaur!
The centaur is severely wounded.
The centaur hits you. The centaur closely misses you.
The centaur barely misses you.
The centaur kicks you but does no damage.
You punch the centaur!
You kill the centaur!
Beogh accepts your kill.
You punch the centaur!
The centaur is severely wounded.
The centaur hits you but does no damage.
The centaur kicks you but does no damage.
You punch the centaur!
You kill the centaur!
Beogh accepts your kill.
Things that are here:
a +0 shortbow; a +0 orcbow
Things that are here:
a +0 orcbow; a +4 orcbow; a centaur corpse
There is a stone staircase leading up here.
Things that are here:
a +0 orcbow; a +4 orcbow; a centaur corpse
Things that are here:
a +0 shortbow; a +0 orcbow
Found a scroll of identify.
o - a scroll of identify
As you read the scroll of identify, it crumbles to dust.
I - 3 scrolls of brand weapon You open the door. 2 vampire mosquitoes come into view.
The vampire mosquito buzzes angrily. x2
Found a scroll of identify and a white potion.
You swing at nothing.
A vampire mosquito comes into view.
You swing at nothing.
The vampire mosquito buzzes angrily.
The vampire mosquito bites you but does no damage.
You punch the vampire mosquito!
The vampire mosquito is heavily damaged.
The vampire mosquito closely misses you.
You hit the vampire mosquito.
The vampire mosquito is severely damaged.
The vampire mosquito bites you but does no damage.
You punch the vampire mosquito!
The vampire mosquito is moderately damaged.
The vampire mosquito closely misses you.
You punch the vampire mosquito!
The vampire mosquito is severely damaged.
The vampire mosquito misses you. The vampire mosquito barely misses you.
You closely miss the vampire mosquito.
The vampire mosquito is severely damaged.
The vampire mosquito closely misses you.
You pummel the vampire mosquito!!
You destroy the vampire mosquito!
Beogh accepts your kill.
The vampire mosquito bites you but does no damage.
You hit the vampire mosquito.
The vampire mosquito is severely damaged.
The vampire mosquito bites you but does no damage. x2
You hit the vampire mosquito but do no damage.
The vampire mosquito is severely damaged.
The vampire mosquito bites you!
The vampire mosquito draws strength from your injuries!
You barely miss the vampire mosquito.
The vampire mosquito is severely damaged.
The vampire mosquito bites you.
The vampire mosquito draws strength from your injuries!
The vampire mosquito bites you.
The vampire mosquito draws strength from your injuries!
You barely miss the vampire mosquito.
The vampire mosquito is heavily damaged.
The vampire mosquito misses you.
You punch the vampire mosquito!
You destroy the vampire mosquito!
Beogh accepts your kill.
You barely miss the vampire mosquito. The vampire mosquito barely misses you.
The vampire mosquito bites you but does no damage.
You punch the vampire mosquito!
The vampire mosquito is heavily damaged.
The vampire mosquito bites you!
The vampire mosquito draws strength from your injuries!
You pummel the vampire mosquito!!
You destroy the vampire mosquito!
Beogh accepts your kill.
Your Armour skill increases to level 6!
Your Shields skill increases to level 2!
You swing at nothing.
You swing at nothing.
You start resting.
HP restored.
Found 15 gold pieces.
There is an open door here.
Things that are here:
a vampire mosquito corpse; a vampire mosquito corpse
o - a scroll of identify
As you read the scroll of identify, it crumbles to dust.
n - a scroll of vulnerability You now have 144 gold pieces (gained 15).
B - 3 white potions (gained 1)
You now have 156 gold pieces (gained 12).
a - 4 potions of enlightenment (gained 1)
You open the door.
There is an open door here.
Found a pair of gloves.
Found a stone staircase leading down.
Found a whip.
You see here a +0 pair of gloves.
A slime creature comes into view.
The slime creature quivers.
You punch the slime creature!
The slime creature is moderately wounded.
You hit the slime creature.
The slime creature is moderately wounded.
The slime creature hits you but does no damage.
A slime creature comes into view.
You hit the slime creature.
The slime creature is moderately wounded.
The slime creature hits you!
You punch the slime creature!
The slime creature is heavily wounded.
The slime creature hits you.
You punch the slime creature!
The slime creature is severely wounded.
The slime creature barely misses you. The slime creature hits you.
You hit the slime creature.
The slime creature is severely wounded.
You punch the slime creature!
You kill the slime creature!
Beogh accepts your kill. The slime creature closely misses you.
You hit the slime creature.
The slime creature is lightly wounded.
The slime creature barely misses you.
You punch the slime creature!
The slime creature is lightly wounded.
The slime creature hits you.
You pummel the slime creature!!
The slime creature is heavily wounded.
You hit the slime creature.
The slime creature is severely wounded.
The slime creature hits you!
You hit the slime creature.
The slime creature is severely wounded.
The slime creature hits you.
You pummel the slime creature!!
The slime creature is almost dead.
A slime creature comes into view.
The slime creature hits you.
You hit the slime creature.
The slime creature is almost dead.
The slime creature hits you!
You hit the slime creature.
You kill the slime creature!
Beogh accepts your kill.
You completely miss the slime creature. You hit the slime creature.
The slime creature is lightly wounded.
The slime creature hits you but does no damage.
You hit the slime creature but do no damage.
The slime creature is lightly wounded.
The slime creature hits you!
You are too injured to fight recklessly!
You are too injured to fight recklessly!
You are too injured to fight recklessly!
You pummel the slime creature!!
The slime creature is heavily wounded.
The slime creature closely misses you.
You punch the slime creature!
The slime creature is severely wounded.
The slime creature barely misses you.
You hit the slime creature.
The slime creature is severely wounded.
You hit the slime creature.
The slime creature is severely wounded.
The slime creature hits you!
You hit the slime creature.
The slime creature is severely wounded.
The slime creature hits you!
* * * LOW HITPOINT WARNING * * *
You punch the slime creature!
The slime creature is almost dead.
The slime creature hits you but does no damage.
You punch the slime creature!
You kill the slime creature!
Beogh accepts your kill.
There is an open door here.
There is an open door here.
Things that are here:
a +0 shortbow; a +0 orcbow
Things that are here:
a +0 orcbow; a +4 orcbow; a centaur skeleton
There is a stone staircase leading up here.
You climb upwards.
There is a stone staircase leading down here.
Unknown command.
What are your orders? t - Shout!
Orders for allies: a - Attack new target. r - Retreat! s - Stop attacking. g - Guard the area. f - Follow me.
Anything else - Cancel.
Follow me!
You start resting.
Orkrul grunts, "A dead unbeliever will not bedevil my soul."
HP restored.
What are your orders? t - Shout!
Orders for allies: a - Attack new target. r - Retreat! s - Stop attacking. g - Guard the area. f - Follow me.
Anything else - Cancel.
Retreat in which direction?
Press: ? - help, Dir - move target Fall back!
What are your orders? t - Shout!
Orders for allies: a - Attack new target. r - Retreat! s - Stop attacking. g - Guard the area. f - Follow me.
Anything else - Cancel.
Follow me!
You climb downwards.
There is a stone staircase leading up here.
You climb upwards.
There is a stone staircase leading down here.
What are your orders? t - Shout!
Orders for allies: a - Attack new target. r - Retreat! s - Stop attacking. g - Guard the area. f - Follow me.
Anything else - Cancel.
Retreat in which direction?
Press: ? - help, Dir - move target Fall back!
What are your orders? t - Shout!
Orders for allies: a - Attack new target. r - Retreat! s - Stop attacking. g - Guard the area. f - Follow me.
Anything else - Cancel.
Follow me!
Unknown command.
What are your orders? t - Shout!
Orders for allies: a - Attack new target. r - Retreat! s - Stop attacking. g - Guard the area. f - Follow me.
Anything else - Cancel.
Retreat in which direction?
Press: ? - help, Dir - move target Fall back!
What are your orders? t - Shout!
Orders for allies: a - Attack new target. r - Retreat! s - Stop attacking. g - Guard the area. f - Follow me.
Anything else - Cancel.
Follow me!
What are your orders? t - Shout!
Orders for allies: a - Attack new target. r - Retreat! s - Stop attacking. g - Guard the area. f - Follow me.
Anything else - Cancel.
Retreat in which direction?
Press: ? - help, Dir - move target Fall back!
What are your orders? t - Shout!
Orders for allies: a - Attack new target. r - Retreat! s - Stop attacking. g - Guard the area. f - Follow me.
Anything else - Cancel.
Follow me!
There is a stone staircase leading up here.
You climb upwards.
Level annotation: fly to explore
There is a stone staircase leading down here.
What are your orders? t - Shout!
Orders for allies: a - Attack new target. r - Retreat! s - Stop attacking. g - Guard the area. f - Follow me.
Anything else - Cancel.
Guard this area!
You climb downwards.
There is a stone staircase leading up here.
What are your orders? t - Shout!
Orders for allies: a - Attack new target. r - Retreat! s - Stop attacking. g - Guard the area. f - Follow me.
Anything else - Cancel.
You shout for attention!
What are your orders? t - Shout!
Orders for allies: a - Attack new target. r - Retreat! s - Stop attacking. g - Guard the area. f - Follow me.
Anything else - Cancel.
Follow me!
Okay, then.
There is a stone staircase leading up here.
You climb upwards.
Level annotation: fly to explore
There is a stone staircase leading down here.
What are your orders? t - Shout!
Orders for allies: a - Attack new target. r - Retreat! s - Stop attacking. g - Guard the area. f - Follow me.
Anything else - Cancel.
Follow me!
You swap places.
You swap places.
There is a stone staircase leading down here.
You climb downwards.
There is a stone staircase leading up here.
You swap places.
There is a stone staircase leading down here.
You climb downwards.
There is a stone staircase leading up here.
You swap places.
You swap places.
Things that are here:
a +0 orcbow; a +4 orcbow
Things that are here:
a +0 orcbow; a +0 shortbow
There is an open door here.
You open the door.
There is an open door here.
You swap places.
You swap places.
You now have 170 gold pieces (gained 14).
You now have 180 gold pieces (gained 10).
An orc comes into view. It is wielding a +0 dagger.
The orc shouts!
You hear a shout!
The orc hits you but does no damage.
You punch the orc!
You kill the orc!
Beogh accepts your kill.
An orc warrior comes into view. It is wielding a +0 mace.
Things that are here:
a +0 dagger; a +0 plate armour You hit the orc warrior.
The orc warrior is lightly wounded.
The orc warrior hits you with a +0 mace.
You hit the orc warrior.
The orc warrior is lightly wounded.
The orc warrior hits you with a +0 mace.
You hit the orc warrior but do no damage.
The orc warrior is lightly wounded.
Orkrul roars a battlecry!
Your orcs go into a battle-frenzy!
The orc warrior hits you but does no damage.
You hear a shout!
You punch the orc warrior!
The orc warrior is heavily wounded.
Orkrul hits the orc warrior with a +1 dagger.
Ogrik roars a battlecry!
Your orcs go into a battle-frenzy!
You hit the orc warrior but do no damage.
The orc warrior is severely wounded.
The orc warrior hits you with a +0 mace.
An orc comes into view. It is wielding a +0 hand axe.
Orkrul closely misses the orc warrior.
You hit the orc warrior.
The orc warrior is severely wounded.
The orc warrior hits Orkrul with a +0 mace!
Orkrul hits the orc warrior but does no damage.
You punch the orc warrior!
The orc warrior surrenders.
It says, "You must be the Messiah, I see it now!"
The orc completely misses your orc warrior.
You swap places.
The orc hits you but does no damage.
You hit the orc.
The orc is moderately wounded.
The orc closely misses you.
You punch the orc!
You kill the orc!
Beogh accepts your kill.
Things that are here:
a +0 hand axe; an orc corpse Your orc warrior no longer looks unusually strong.
Orkrul no longer looks unusually strong.
Ogrik no longer looks unusually strong.
Your orc no longer looks unusually strong.
Your orc priest no longer looks unusually strong.
Your orc warrior no longer looks unusually strong.
Your orc no longer looks unusually strong.
Your orc no longer looks unusually strong.
HP restored.
You swap places.
o - a scroll labelled VIKHLOJI CIEM WOIGI A harpy comes into view.
Found a stone staircase leading down.
A boulder beetle comes into view.
Found a dagger.
The boulder beetle curls into a ball and begins rolling!
Orkrul roars a battlecry!
Your orcs go into a battle-frenzy!
You punch the harpy!
The harpy is moderately wounded.
The harpy misses you. The harpy claws you but does no damage.
Throw: 15 darts (poison)
Press: ? - help, Q - select action, (/) - cycle Shift-Dir - straight line, f - boulder beetle
Aim: a boulder beetle (rolling, 90% to hit)
You throw a poisoned dart.
The poisoned dart hits the boulder beetle.
The boulder beetle is poisoned.
The harpy barely misses you. The harpy claws you.
Ogrik roars a battlecry!
Orkrul goes into a battle-frenzy!
Your orc warrior hits the harpy with a +0 mace!
Throw: 14 darts (poison)
Press: ? - help, Q - select action, (/) - cycle Shift-Dir - straight line, f/p - boulder beetle
Aim: a boulder beetle (rolling, poisoned, haloed, 97% to hit)
You throw a poisoned dart.
The poisoned dart hits the boulder beetle.
The harpy claws you but does no damage. The harpy barely misses you.
Orkrul hits the harpy with a +1 dagger!!
The harpy dies!
Beogh accepts your kill.
Orkrul looks more experienced.
The boulder beetle hits your orc warrior!
The boulder beetle stops rolling and uncurls.
A troll comes into view.
The troll shouts!
The boulder beetle bites you but does no damage.
You hit the boulder beetle but do no damage.
The boulder beetle is lightly wounded.
You punch the boulder beetle!
The boulder beetle is lightly wounded.
The boulder beetle closely misses you.
You hit the boulder beetle.
The boulder beetle is lightly wounded.
Orkrul barely misses the boulder beetle.
The boulder beetle bites you.
Unknown command.
You punch the boulder beetle!
The boulder beetle is moderately wounded.
Your orc warrior hits the boulder beetle with a +0 mace.
Your orc priest invokes the aid of Beogh against the boulder beetle.
The boulder beetle is smitten.
Orkrul hits the boulder beetle with a +1 dagger!
Your orc warrior hits the boulder beetle with a +0 mace.
The boulder beetle curls into a ball and begins rolling!
You hit the boulder beetle but do no damage.
The boulder beetle is severely wounded.
Your orc warrior hits the boulder beetle with a +0 mace.
Your orc warrior hits the boulder beetle but does no damage.
You hit the boulder beetle but do no damage.
The boulder beetle is almost dead.
The boulder beetle looks more healthy.
The boulder beetle hits you but does no damage.
The boulder beetle stops rolling and uncurls.
Your orc warrior hits the boulder beetle with a +0 mace!
The troll bites Orkrul!
The troll claws Orkrul.
The troll claws Orkrul!
Your orc priest invokes the aid of Beogh against the boulder beetle.
The boulder beetle is smitten.
The boulder beetle dies!
Beogh accepts your kill.
You can now recall your orcish followers.
Your orc priest looks more experienced.
Training target 10.0 for Fighting reached!
Your Fighting skill increases to level 10!
The troll bites you. The troll claws you. The troll closely misses you.
You see here a boulder beetle corpse.
Unknown command.
You barely miss the troll.
Orkrul hits the troll with a +1 dagger!
Your orc warrior hits the troll with a +0 mace!!
The troll bites you but does no damage.
The troll claws you but does no damage. x2
You barely miss the troll.
The troll is severely wounded.
Orkrul hits the troll with a +1 dagger!
The troll dies!
Beogh accepts your kill.
The troll leather armour is intact enough to wear.
Your Shields skill increases to level 3!
Things that are here:
a +0 troll leather armour; a troll corpse Your orc warrior no longer looks unusually strong.
Your orc no longer looks unusually strong.
Orkrul no longer looks unusually strong.
Your orc warrior no longer looks unusually strong.
Your orc no longer looks unusually strong.
Ogrik no longer looks unusually strong.
Your orc no longer looks unusually strong.
Your orc warrior no longer looks unusually strong.
Your orc priest no longer looks unusually strong.
You swap places.
m - 14 poisoned darts (gained 1)
You swap places.
m - 15 poisoned darts (gained 1)
You swap places.
p - a scroll of identify
As you read the scroll of identify, it crumbles to dust.
o - a scroll of enchant weapon You swap places.
You open the door.
There is an open door here.
You swap places.
You swap places.
You swap places.
You swap places.
You swap places.
You swap places.
You swap places.
You swap places.
There is an open door here.
You see here a +0 dagger.
Found a stone staircase leading down.
Okay, then.
An orc priest comes into view. It is wielding a +0 club.
The orc priest shouts!
You hear a shout!
The orc priest looks encouraged for a moment.
The orc falls on its knees before you.
An orc wizard and an orc come into view.
The orc wizard shouts!
Your orc hits the orc wizard but does no damage.
The orc wizard completely misses your orc.
Ogrik roars a battlecry!
Your orcs go into a battle-frenzy!
An orc comes into view. It is wielding a +0 hand axe.
Your orc hits the orc wizard with a +0 short sword.
Orkrul roars a battlecry!
Ogrik goes into a battle-frenzy!
Ogrik wields a +0 orcbow.
Ogrik shoots an arrow.
The arrow hits the orc priest!
The orc priest mumbles some strange prayers to Beogh against you.
Beogh smites you!
Orkrul roars a battlecry!
Your orc goes into a battle-frenzy!
Ogrik shoots an arrow.
The arrow hits the orc priest!
The orc priest dies!
Beogh accepts your kill.
Beogh appreciates your killing of a heretic priest.
Your orc hits the orc wizard but does no damage.
Your orc priest looks satisfied for a moment.
The orc wizard hits you but does no damage.
Your orc priest miscasts a cantrip.
An unseen horror comes into view.
Things that are here:
a +0 club; an orc corpse You hit the orc wizard but do no damage.
The orc wizard is lightly wounded.
Your orc warrior hits the orc wizard with a +0 mace!
The orc wizard dies!
Beogh accepts your kill. The orc completely misses you.
The orc hits your orc with a +0 hand axe.
Your orc hits the orc with a +0 short sword.
You punch the unseen horror!
The unseen horror is lightly wounded.
The unseen horror hits you but does no damage.
Your orc warrior hits the unseen horror with a +0 mace!!
The orc completely misses you.
The orc hits your orc with a +0 hand axe. x2
Your orc hits the orc with a +0 short sword!
The orc dies!
Beogh accepts your kill.
The unseen horror hits your orc warrior!
Your orc priest invokes the aid of Beogh against the unseen horror.
The unseen horror writhes in agony.
You punch the unseen horror!
The unseen horror is almost dead.
The unseen horror barely misses you.
Unknown command.
The unseen horror barely misses you.
Your orc hits the unseen horror with a +0 short sword.
The unseen horror closely misses you.
You swap places.
The unseen horror hits your orc.
Your orc hits the unseen horror but does no damage.
Your orc hits the unseen horror with a +0 short sword!
The unseen horror dies!
Beogh accepts your kill.
Your orc looks more experienced.
Your Evocations skill increases to level 3!
Your orc warrior no longer looks unusually strong.
Things that are here:
a +0 club; an orc corpse Your orc no longer looks unusually strong.
Things that are here:
a +0 dagger; a +0 robe; an orc corpse You swap places.
Your orc no longer looks unusually strong.
Ogrik no longer looks unusually strong.
Your orc no longer looks unusually strong. x2
You swap places.
Your orc warrior no longer looks unusually strong.
Orkrul no longer looks unusually strong.
You start resting.
Your orc warrior no longer looks unusually strong.
Your orc priest no longer looks unusually strong.
HP restored.
You swap places.
You swap places.
There is an open door here.
You swap places.
A shadow comes into view.
You swap places.
The shadow hits you.
You barely miss the shadow. The shadow hits you.
Your orc warrior hits the shadow with a +0 mace!
Ogrik roars a battlecry!
Your orcs go into a battle-frenzy!
You punch the shadow!
The shadow is almost destroyed.
The shadow slips into darkness.
The shadow flickers and vanishes for a moment.
Orkrul roars a battlecry!
Your orcs go into a battle-frenzy!
Your orc warrior hits the shadow with a +0 mace.
The shadow is destroyed!
Beogh accepts your kill.
Your orc warrior looks more experienced.
Your orc no longer looks unusually strong.
Your orc warrior no longer looks unusually strong.
Orkrul no longer looks unusually strong.
Ogrik no longer looks unusually strong.
Your orc warrior no longer looks unusually strong.
You swap places.
You swap places.
You swap places.
You swap places.
You swap places.
You swap places.
You swap places.
A slime creature comes into view.
A slime creature comes into view.
The slime creature quivers.
Ogrik shoots an arrow.
The arrow hits the slime creature!
You punch the slime creature!
The slime creature is lightly wounded.
A slime creature comes into view.
The slime creature hits you but does no damage.
The slime creature quivers.
You hit the slime creature.
The slime creature is lightly wounded.
Two slime creatures merge to form a large slime creature.
You punch the large slime creature!
The large slime creature is moderately wounded.
Ogrik roars a battlecry!
Your orcs go into a battle-frenzy!
The large slime creature hits you but does no damage.
You punch the large slime creature!
The large slime creature is moderately wounded.
The large slime creature hits you!!
You hit the large slime creature.
The large slime creature is moderately wounded.
You pummel the large slime creature!!
The large slime creature is heavily wounded.
Two slime creatures merge to form a very large slime creature.
Okay, then.
You hit the very large slime creature.
The very large slime creature is moderately wounded.
The very large slime creature hits you!!
You hit the very large slime creature.
The very large slime creature is moderately wounded.
The very large slime creature hits you!!!
You die...

Skill      XL: |  1  2  3  4  5  6  7  8  9 10 11 |
---------------+----------------------------------+-----
Fighting       | 4 5 6 7 8 9 10 | 10.0
Unarmed Combat | 4 5 6 7 9 10 11 | 11.8
Invocations    | 3 6 8 10 11 | 11.2
Armour         | 1 3 4 5 6 |  6.2
Evocations     | 2 3 |  3.0
Dodging        | 3 |  3.7
Shields        | 3 |  3.2

Action                     |  1- 3 |  4- 6 |  7- 9 | 10-12 || total
---------------------------+-------+-------+-------+-------++-------
  Melee: Unarmed           |   104 |   140 |   369 |   208 ||   821
         Punch             |       |       |     9 |       ||     9
   Fire: Shortbow          |       |       |    34 |       ||    34
  Throw: Dart              |       |       |     2 |     2 ||     4
 Invoke: Convert to Beogh  |       |     1 |       |       ||     1
         Recall Orcish Fol |       |       |     1 |     2 ||     3
         Smiting           |       |       |       |    11 ||    11
         Stop Recall       |       |       |       |     1 ||     1
    Use: Scroll            |       |     3 |     7 |     3 ||    13
         Potion            |       |     1 |       |     1 ||     2
   Stab: Distracted        |       |       |     3 |     3 ||     6
         Sleeping          |       |       |     2 |       ||     2
         Confused          |       |       |       |     2 ||     2
 Armour: Robe              |    23 |       |       |       ||    23
         Leather armour    |    29 |    71 |   226 |    60 ||   386
         Chain mail        |       |       |       |    78 ||    78
  Dodge: Dodged            |    55 |    85 |   212 |    86 ||   438

Levels and vault maps discovered:
D:1:      spicycebolla_arrival_transporter_tutorial, layout_loops_ring,
          minivault_5, nicolae_hexahallways
D:2:      layout_loops_corners, dreamdust_ecumenical_altar_grove, serial_shops,
          nicolae_shop_crystal, uniq_sigmund
D:3:      layout_basic, mainiacjoe_overflow_two_lobes, portal_sewer_entry_a
D:4:      layout_basic, amethyst_overflow_temple_binary, minmay_ruptured,
          uniq_duvessa, uniq_eustachio, uniq_robin
D:5:      layout_cave_pools, serial_shops, shop, minmay_misc_feat_cross
D:6:      layout_loops_cross, temple_hall, serial_undead, serial_undead_c,
          serial_undead_c, serial_undead_e, serial_undead_f,
          hangedman_decor_points, hangedman_decor_clover_reticule
D:7:      layout_cave_pools, gup_ossuary_entry_pyramid
D:8:      layout_cave_pools, old_standard_altar, cheibrodos_ashenzari_chains,
          led_sif_pool, uniq_grum, uniq_maggie, uniq_psyche, uniq_joseph
D:9:      lemuel_ice_statue, layout_long_grid, grunt_ministairs_10, uniq_erica
D:10:     layout_loops_cross, dpeg_oklobed_lair, orc_david_3
D:11:     layout_basic, serial_glass, glass_columns_b, glass_columns_a,
          glass_columns_b, glass_columns_b, glass_columns_a, glass_columns_a

Notes
Turn   | Place    | Note
-------+----------+-------------------------------------------
     0 | D:1      | scionoferis the Hill Orc Monk began the quest for the Orb.
     0 | D:1      | Reached XP level 1. HP: 19/19 MP: 1/1
    97 | D:1      | Reached XP level 2. HP: 27/27 MP: 2/2
   330 | D:1      | Reached skill level 4 in Fighting
   382 | D:1      | Reached skill level 4 in Unarmed Combat
   464 | D:1      | Reached XP level 3. HP: 28/33 MP: 3/3
  1256 | D:2      | Found a faded altar of an unknown god.
  1517 | D:2      | Found Ushrarch's Weapon Boutique.
  1728 | D:2      | Noticed Sigmund
  1819 | D:3      | Found a bloodstained altar of Trog.
  1881 | D:3      | Reached XP level 4. HP: 39/41 MP: 4/4
  1899 | D:3      | Found a glowing drain.
  1909 | Sewer    | Entered a sewer
  2034 | Sewer    | Reached skill level 5 in Unarmed Combat
  2170 | Sewer    | Reached XP level 5. HP: 39/47 MP: 5/5
  2269 | Sewer    | Reached skill level 5 in Fighting
  2277 | Sewer    | Reached skill level 6 in Unarmed Combat
  2277 | Sewer    | Reached XP level 6. HP: 43/56 MP: 6/6
  2614 | D:3      | Found a burning altar of Makhleb.
  3021 | D:4      | Noticed a steam dragon
  3029 | D:4      | Killed a steam dragon
  3029 | D:4      | HP: 1/56 [something (7)]
  3260 | D:4      | You fall into a shaft and drop 3 floors!
  3282 | D:7      | Reached skill level 6 in Fighting
  3287 | D:7      | Became a worshipper of Beogh the Brigand
  3287 | D:7      | Reached * piety under Beogh
  3287 | D:7      | Reached ** piety under Beogh
  3294 | D:7      | Reached skill level 7 in Unarmed Combat
  3301 | D:7      | Found a sand-covered staircase.
  3311 | D:7      | Reached XP level 7. HP: 45/63 MP: 7/7
  3372 | Ossuary  | Entered an ossuary
  3765 | Ossuary  | Reached skill level 1 in Invocations
  3890 | Ossuary  | Reached skill level 1 in Armour
  3914 | Ossuary  | Reached skill level 2 in Invocations
  4122 | Ossuary  | Reached *** piety under Beogh
  4163 | Ossuary  | Identified 2 potions of resistance
  4257 | D:7      | Noticed a steam dragon
  4356 | D:6      | Reached skill level 3 in Invocations
  4370 | D:5      | Entered Level 5 of the Dungeon
  4386 | D:5      | Found Wicwe's Weapon Boutique.
  4498 | D:5      | Reached XP level 8. HP: 71/71 MP: 10/10
  4521 | D:5      | Reached skill level 2 in Armour
  4554 | D:5      | Reached skill level 8 in Unarmed Combat
  4554 | D:5      | Reached skill level 4 in Invocations
  4642 | D:4      | Noticed Duvessa
  4642 | D:4      | Noticed Dowan
  4661 | D:4      | Killed Duvessa
  4669 | D:4      | Killed Dowan
  4685 | D:4      | Gained Orkrul as an ally
  5005 | D:4      | Noticed Robin
  5013 | D:4      | Noticed Eustachio
  5022 | D:4      | Reached skill level 5 in Invocations
  5131 | D:5      | Reached skill level 7 in Fighting
  5163 | D:5      | Killed a kobold demonologist
  5164 | D:5      | Reached skill level 3 in Armour
  5194 | D:5      | Killed Eustachio
  5207 | D:4      | Killed Robin
  5223 | D:4      | Reached **** piety under Beogh
  5235 | D:4      | Reached skill level 6 in Invocations
  5503 | D:4      | Found a blossoming altar of Fedhas.
  5503 | D:4      | Found a hazy altar of Hepliaklqana.
  5971 | D:2      | Killed Sigmund
  6493 | D:5      | Reached skill level 9 in Unarmed Combat
  6493 | D:5      | Reached XP level 9. HP: 79/79 MP: 13/13
  7088 | D:6      | Gained Ogrik as an ally
  7089 | D:6      | Reached skill level 7 in Invocations
  7191 | D:6      | Reached skill level 4 in Armour
  7700 | D:6      | Found a staircase to the Ecumenical Temple.
  7864 | D:6      | Reached skill level 8 in Invocations
  7987 | D:7      | Reached skill level 8 in Fighting
  8102 | D:7      | Reached skill level 10 in Unarmed Combat
  8650 | D:8      | Noticed Grum
  8650 | D:8      | Noticed Maggie
  8802 | D:7      | Killed Maggie
  8805 | D:7      | Reached XP level 10. HP: 54/89 MP: 16/16
  8919 | D:7      | Killed Grum
  8920 | D:7      | Reached skill level 5 in Armour
  8920 | D:7      | Reached skill level 9 in Invocations
  8982 | D:8      | Noticed Joseph
  8991 | D:8      | Killed Joseph
  8999 | D:8      | Noticed Psyche
  9149 | D:7      | Killed Psyche
  9251 | D:8      | Found a broken altar of Ashenzari.
  9263 | D:8      | Reached skill level 11 in Unarmed Combat
  9308 | D:8      | Reached skill level 10 in Invocations
  9422 | D:8      | Found an ancient bone altar of Kikubaaqudgha.
  9531 | D:8      | Reached skill level 9 in Fighting
  9561 | D:8      | Found a shimmering blue altar of Sif Muna.
 10485 | D:9      | Noticed a kobold demonologist
 10487 | D:9      | Killed a kobold demonologist
 10494 | D:9      | Reached skill level 1 in Evocations
 10593 | D:9      | Noticed an ice statue
 10787 | D:9      | HP: 6/91 [poisoned by a hornet]
 11136 | D:9      | Noticed Erica
 11148 | D:9      | Killed Erica
 11149 | D:9      | Reached skill level 3 in Dodging
 11343 | D:9      | Killed an ice statue
 11344 | D:9      | Reached skill level 2 in Evocations
 11344 | D:9      | Reached XP level 11. HP: 97/97 MP: 15/19
 11494 | D:10     | Entered Level 10 of the Dungeon
 11542 | D:10     | Found Hazuribb's Armour Boutique.
 11542 | D:10     | Found a staircase to the Orcish Mines.
 11577 | D:10     | Bought a +1 pair of gloves of strength for 231 gold pieces
 11577 | D:10     | Bought a +1 chain mail of poison resistance for 189 gold
                  | pieces
 11613 | D:10     | Bought a +0 kite shield of protection for 161 gold pieces
 11745 | D:10     | Reached skill level 1 in Shields
 12087 | D:10     | Found a staircase to the Lair.
 12337 | D:11     | Reached skill level 11 in Invocations
 12436 | D:11     | Reached skill level 6 in Armour
 12436 | D:11     | Reached skill level 2 in Shields
 13095 | D:11     | Noticed a harpy
 13096 | D:11     | Noticed a boulder beetle
 13099 | D:11     | Killed a harpy
 13106 | D:11     | Killed a boulder beetle
 13107 | D:11     | Reached skill level 10 in Fighting
 13110 | D:11     | Reached skill level 3 in Shields
 13308 | D:11     | Reached skill level 3 in Evocations
 13471 | D:11     | Mangled by a very large slime creature

Vanquished Creatures
  An ice statue (D:9)
  Psyche (D:7)
  A kobold demonologist (D:9)
  3 slime creatures (D:11)
  A wyvern (D:8)
  A steam dragon (D:4)
  3 vampire mosquitoes (D:11)
  A water moccasin (D:9)
  Duvessa (D:4)
  3 orc warriors (D:8 D:10)
  A sky beast (D:8)
  2 ogres (D:4 D:5)
  6 centaurs (D:6 D:10 D:11)
  A phantom (D:6)
  An elf zombie (Ossuary)
  3 bullfrogs (Sewer D:6)
  3 scorpions (D:7 D:6)
  A wyvern skeleton (D:6)
  7 wights (D:8 D:9)
  2 killer bees (D:7)
  2 howler monkeys (D:6 D:7)
  A bullfrog zombie (D:6)
  3 centaur zombies (Ossuary)
  2 orc priests (D:5 D:8)
  2 hounds (D:7 D:5)
  A jelly (D:8)
  A bullfrog skeleton (D:6)
  An iguana (D:4)
  3 orc wizards (D:10)
  3 mummies (D:7 Ossuary)
  2 gnolls (D:8)
  10 adders (D:3 Sewer D:6 D:5 D:4)
  A river rat (D:3)
  3 shadow imps (D:7 D:6 D:5)
  An ufetubus (D:4)
  An adder zombie (Ossuary)
  A worm (D:2)
  A dart slug (D:4)
  11 orcs (D:3 D:7 D:5 D:4 D:8)
  14 ball pythons (D:1 D:2 Sewer)
  5 bats (D:1 D:2)
  6 endoplasms (D:1 D:2 Sewer)
  7 giant cockroaches (D:2 D:3 Sewer D:4)
  7 hobgoblins (D:1 D:4 D:5)
  4 jackals (D:4)
  10 quokkas (D:2 Sewer D:4)
  13 frilled lizards (D:1 D:2 Sewer D:3)
  15 goblins (D:1 D:2 D:4)
  2 goblin zombies (Ossuary)
  11 hobgoblin zombies (Ossuary)
  9 kobolds (D:1 D:2 D:3 D:4)
  10 kobold zombies (Ossuary)
  5 orc zombies (Ossuary)
  6 rats (D:1 D:3 D:2)
  4 rat zombies (Ossuary)
221 creatures vanquished.

Vanquished Creatures (collateral kills)
  Erica (D:9)
  A boulder beetle (D:11)
  A harpy (shapeshifter) (D:11)
  Joseph (D:8)
  An unseen horror (D:11)
  A kobold demonologist (D:5)
  Maggie (D:7)
  A hornet (D:9)
  A troll (D:11)
  Sigmund (D:2)
  2 shadows (D:9 D:11)
  Eustachio (D:5)
  A wraith (D:10)
  3 steam dragons (D:7 D:8)
  Grum (D:7)
  A water moccasin (D:6)
  A sky beast (D:6)
  An orc warrior (D:8)
  3 wolves (D:7)
  An ogre (D:5)
  2 centaurs (D:5 D:6)
  A bullfrog (D:5)
  A gnoll sergeant (D:8)
  A scorpion (D:5)
  A water moccasin skeleton (D:6)
  10 wights (D:8 D:9)
  Dowan (D:4)
  A killer bee (D:7)
  4 howler monkeys (D:6 D:7 D:10)
  2 hounds (D:5 D:7)
  3 orc priests (D:8 D:11)
  2 iguanas (D:6 D:7)
  7 orc wizards (D:5 D:7 D:8 D:9 D:11)
  Robin (D:4)
  3 gnolls (D:8)
  3 adders (D:6 D:5)
  A shadow imp (D:7)
  An ufetubus (D:5)
  A worm (D:5)
  6 orcs (D:5 D:7 D:8 D:10 D:11)
  An endoplasm (D:4)
  2 hobgoblins (D:4 D:5)
  A quokka (D:5)
81 creatures vanquished.

Vanquished Creatures (others)
  2 orc wizards (D:8 D:10)
  A phantom (D:6)
  An orc priest (D:7)
  7 orcs (D:6 D:7 D:8 D:9)
11 creatures vanquished.

Grand Total: 313 creatures vanquished

Table legend: (Time is in decaauts)
 A = Elapsed time spent in this place.
 B = Non-inter-level travel time spent in this place.
 C = Inter-level travel time spent in this place.
 D = Time resting spent in this place.
 E = Time spent auto-exploring this place.
 F = Levels seen in this place.
 G = Mean time per level.
                   A        B        C        D        E       F      G
               +--------+--------+--------+--------+--------+-----+--------+
         Total |  13447 |  12635 |    812 |   2584 |   6062 |  13 | 1034.4 |
       Dungeon |  12173 |  11361 |    812 |   2391 |   6028 |  11 | 1106.6 |
         Sewer |    484 |    484 |      0 |    102 |      0 |   1 |  484.0 |
       Ossuary |    789 |    789 |      0 |     90 |     34 |   1 |  789.0 |
               +--------+--------+--------+--------+--------+-----+--------+

Top non-repeatable levels by time:
     D:4: 1524 daAuts
     D:9: 1361 daAuts
     D:7: 1339 daAuts
     D:6: 1155 daAuts
     D:2: 1094 daAuts
     D:1: 1080 daAuts
     D:8: 1028 daAuts
    D:10: 992 daAuts
    D:11: 949 daAuts
     D:5: 829 daAuts
     D:3: 819 daAuts
 Ossuary: 789 daAuts
   Sewer: 484 daAuts

Table legend:
 A = Non-vault XP
 B = Vault XP
 C = Vault XP percentage of total XP
 D = Non-vault monster count
 E = Vault monster count
 F = Vault count percentage of total count
                 A         B        C        D         E       F
            +---------+---------+-------+---------+---------+-------
      Total |    9027 |    4257 |  32.0 |     184 |     118 |  39.1
            +---------+---------+-------+---------+---------+-------
        D:1 |      45 |       0 |   0.0 |      27 |       0 |   0.0
        D:2 |      25 |     112 |  81.8 |      14 |       1 |   6.7
        D:3 |      22 |      28 |  56.0 |       7 |       3 |  30.0
        D:4 |     340 |     237 |  41.1 |      18 |      14 |  43.8
        D:5 |     744 |     245 |  24.8 |      16 |       6 |  27.3
        D:6 |     929 |     319 |  25.6 |      15 |       5 |  25.0
        D:7 |     596 |     940 |  61.2 |      18 |       7 |  28.0
        D:8 |    1475 |     476 |  24.4 |      28 |       1 |   3.4
        D:9 |     997 |    1343 |  57.4 |      13 |       4 |  23.5
       D:10 |     587 |       6 |   1.0 |       8 |       2 |  20.0
       D:11 |    3267 |       0 |   0.0 |      20 |       0 |   0.0
      Sewer |       0 |     248 | 100.0 |       0 |      36 | 100.0
    Ossuary |       0 |     303 | 100.0 |       0 |      39 | 100.0
            +---------+---------+-------+---------+---------+-------
